 Dungeon Crawl Stone Soup version 0.18.1-51-gd549091e01 (webtiles) character file.

14415 magog001 the Blocker (level 11, -1/151 HPs)
             Began as a Minotaur Fighter on Apr 10, 2020.
             Was a Priest of Nemelex Xobeh.
             Slain by a merfolk
             ... wielding a +0 trident
              (5 damage)
             ... on level 3 of the Lair of Beasts.
             The game lasted 01:07:20 (14184 turns).

magog001 the Blocker (Minotaur Fighter)            Turns: 14184, Time: 01:07:22

Health: -1/151     AC: 25    Str: 29    XL:     11   Next: 88%
Magic:  10/10      EV:  4    Int:  5    God:    Nemelex Xobeh [***...]
Gold:   674        SH:  0    Dex: 13    Spells: 0 memorised, 10 levels left

rFire  . . .     SeeInvis +     F - +8 battleaxe of Purpose {drain, rPois Dex+3}
rCold  . . .     Gourm    .     (armour currently unavailable)
rNeg   + + +     Faith    .     (shield currently unavailable)
rPois  +         Spirit   .     (helmet currently unavailable)
rElec  .         Dismiss  .     (cloak currently unavailable)
rCorr  .         Reflect  .     (gloves currently unavailable)
SustAt .         Harm     .     (boots currently unavailable)
MR     .....     NoTele   +     (no amulet)
Stlth  ++........               I - ring of flight
                                (no ring)

@: mighty, tree-form, not resistant to hostile enchantments, unstealthy
A: (retaliatory headbutt), (horns 0), repulsion field 1, see invisible, (shaggy
fur 0)
a: Triple Draw, Renounce Religion


You were on level 3 of the Lair of Beasts.
You worshipped Nemelex Xobeh.
Nemelex Xobeh was most pleased with you.
You were not hungry.
You were a tree.
You visited 3 branches of the dungeon, and saw 14 of its levels.

You collected 794 gold pieces.
You spent 120 gold pieces at shops.

Inventory:

Hand Weapons
 a - a +4 war axe
 u - a +1 hunting sling
 F - the +8 battleaxe of Purpose (weapon) {drain, rPois Dex+3}
   (You found it on level 2 of the Lair of Beasts)

   A truly terrible weapon, it drains the life of those it strikes.
   It affects your dexterity (+3).
   It protects you from poison.
Missiles
 j - 143 sling bullets
 A - 3 tomahawks of returning (quivered)
 E - 4 tomahawks
Armour
 e - the +0 pair of boots "Sehouge" (melded) {Str+3}
   (You found it on level 4 of the Dungeon)

   It affects your strength (+3).
 h - a +0 plate armour (melded)
 n - a +3 shield of cold resistance
Rods
 d - a +1 rod of shadows (10/10)
   (You found it on level 2 of the Lair of Beasts)
Jewellery
 I - a ring of flight (right branch)
Wands
 b - a wand of iceblast (7/15)
 o - a wand of flame (33/48)
 r - a wand of iceblast (8/15)
 v - a wand of lightning (0/15)
 w - a wand of random effects (31/48)
 y - a wand of digging (1/24)
 z - a wand of teleportation (6/9)
 B - a wand of lightning (8/15)
 C - a wand of lightning (8/15)
 J - a wand of disintegration (13/24)
 S - a wand of confusion (28/48)
Scrolls
 g - a scroll of fog
 k - 5 scrolls of fear
 p - 4 scrolls of teleportation
 q - 6 scrolls of identify
 x - a scroll of remove curse
 K - a scroll of torment {unknown}
 L - a scroll of holy word {unknown}
 N - a scroll of acquirement {unknown}
 P - a scroll of silence {unknown}
Potions
 t - 2 potions of brilliance
 D - a potion of ambrosia
Miscellaneous
 c - a legendary deck of destruction {drawn: 2}
 i - a sack of spiders {used: 1}
 l - a plain deck of escape
 G - a plain deck of escape
 R - a plain deck of destruction
Comestibles
 f - 4 bread rations
 s - 34 fruits
 O - a slice of pizza
 Q - a royal jelly


   Skills:
 * Level 10.4 Fighting
 + Level 9.4 Axes
 * Level 11.7 Armour
 + Level 4.7 Dodging
 + Level 0.8 Stealth
 * Level 13.9 Shields
 + Level 1.2 Evocations


You had 10 spell levels left.
You didn't know any spells.

Dungeon Overview and Level Annotations

Branches:
Dungeon (10/15)            Temple (1/1) D:7            Lair (3/8) D:9
 Shoals (0/4) Lair:3          Orc (0/2) D:10
  Snake: Lair:3-6    Spider: Lair:3-6

Altars:
Ashenzari
Cheibriados
Dithmenos
Elyvilon
Fedhas
Gozag
Kikubaaqudgha
Makhleb
Nemelex Xobeh
Okawaru
Pakellas
Qazlal
Ru
Sif Muna
Trog
Vehumet
Xom
Yredelemnul
Zin
The Shining One
Lugonu

Shops:
D:5 ?   D:8 *


Innate Abilities, Weirdness & Mutations

((You reflexively headbutt those who attack you in melee.))
((You have a pair of horns on your head.))
You are surrounded by a mild repulsion field (EV +2).
You have supernaturally acute eyesight.
((You are covered in fur (AC +1).))


Message History

The merfolk hits you from afar with a trident.
The merfolk shouts!
The merfolk hits you from afar with a trident!
The merfolk hits you from afar with a trident.
* * * LOW HITPOINT WARNING * * *
The siren hits you from afar with a trident!
* * * LOW HITPOINT WARNING * * *
Drink which item? (? for menu, Esc to quit)
You feel very mighty all of a sudden. The merfolk hits you with a trident!
* * * LOW HITPOINT WARNING * * *
Drink which item? (? for menu, Esc to quit)
You turn into a tree.
The +0 pair of boots "Sehouge" {Str+3} melds into your body.
Your +0 plate armour melds into your body.
Your roots penetrate the ground.
The siren barely misses you.
The merfolk hits you but does no damage.
The merfolk hits you with a trident.
You die...
Your body disappears without a glow.

######### ##
##.#P.#.##.# ##..
#..........###..#>
#..###.....#...≈≈≈
#........#.≈≈≈#
#......#m.m.#
#.....♣#..###
#.....m.m..#
#.......m..#
#....(.#...## ##
#......#...P###.###
#.#.####...........
.................P.#
#......P..#.P....####
#.................#


You could see 2 merfolk and a siren.

Vanquished Creatures
  An unseen horror (D:10)
  4 elephants (Lair:3)
  A black mamba (Lair:2)
  Joseph (D:7)
  The ghost of magog001 the Chopper, a novice HOFi of Nemelex Xobeh (D:5)
  A spiny frog (Lair:1)
  A komodo dragon (Lair:1)
  A troll (D:9)
  A two-headed ogre (D:8)
  14 yaks
  2 wyverns
  A basilisk (Lair:2)
  A steam dragon (D:8)
  2 hippogriffs
  3 hungry ghosts
  Menkaure (D:7)
  5 water moccasins
  8 porcupines
  5 orc warriors
  A phantom (D:8)
  2 sky beasts
  3 ice beasts
  A necrophage (D:5)
  A wasp (D:9)
  5 wolves (D:9)
  5 ogres
  2 centaurs (D:9)
  4 crocodiles
  A big kobold (D:8)
  11 giant frogs
  A water moccasin zombie (D:10)
  A water moccasin skeleton (D:6)
  4 scorpions
  4 wights (D:8)
  3 electric eels (D:9)
  7 hounds
  A quasit (D:7)
  A centaur zombie (D:5)
  5 jellies
  8 orc priests
  9 orc wizards
  Ijyb (D:2)
  8 worker ants
  3 iguanas
  A killer bee zombie (D:5)
  A hound zombie (D:5)
  2 hound skeletons
  2 worker ant zombies
  18 adders
  7 gnolls
  38 river rats
  2 shadow imps (D:7)
  An adder skeleton (D:5)
  4 worms
  3 dart slugs
  2 giant geckos
  58 orcs
  2 ball pythons
  5 giant cockroaches
  5 goblins
  8 hobgoblins
  15 jackals
  A quokka (D:5)
  7 bats
  A giant gecko skeleton (D:5)
  4 giant newts
  4 kobolds
  8 rats
  A spectral orc (D:7)
  2 demonic plants (Temple)
  3 fungi
  A plant (Lair:2)
352 creatures vanquished.

Vanquished Creatures (collateral kills)
  An orc (D:10)
1 creature vanquished.

Vanquished Creatures (others)
  A fungus (Lair:3)
1 creature vanquished.

Grand Total: 354 creatures vanquished

Notes
Turn   | Place    | Note
--------------------------------------------------------------
     0 | D:1      | magog001 the Minotaur Fighter began the quest for the Orb.
     0 | D:1      | Reached XP level 1. HP: 19/19 MP: 0/0
   340 | D:1      | Reached XP level 2. HP: 25/27 MP: 1/1
  1381 | D:2      | Reached skill level 4 in Shields
  1381 | D:2      | Reached XP level 3. HP: 30/33 MP: 2/2
  2141 | D:2      | Found a glowing silver altar of Zin.
  2195 | D:2      | Reached XP level 4. HP: 40/40 MP: 3/3
  2491 | D:3      | Reached skill level 5 in Armour
  2491 | D:3      | Reached XP level 5. HP: 38/47 MP: 4/4
  2553 | D:3      | Noticed Ijyb
  2572 | D:2      | Killed Ijyb
  2572 | D:2      | Reached skill level 5 in Shields
  2893 | D:3      | Found a radiant altar of Vehumet.
  3077 | D:3      | Found an iron altar of Okawaru.
  3198 | D:3      | Reached XP level 6. HP: 55/55 MP: 5/5
  3641 | D:4      | Reached skill level 1 in Dodging
  3645 | D:4      | Reached skill level 5 in Fighting
  3662 | D:4      | Got a pair of jewelled boots
  3687 | D:4      | Identified the +0 pair of boots "Sehouge" {Str+3} (You found it on level 4 of the Dungeon)
  4552 | D:4      | Reached skill level 6 in Shields
  4552 | D:4      | Reached XP level 7. HP: 58/61 MP: 6/6
  4620 | D:5      | Entered Level 5 of the Dungeon
  4939 | D:5      | Noticed magog001's ghost (novice HOFi)
  4957 | D:5      | Killed magog001's ghost
  4957 | D:5      | Reached skill level 7 in Shields
  4957 | D:5      | Reached XP level 8. HP: 40/70 MP: 7/7
  5299 | D:5      | Found Ubichaus's Magic Scroll Shop.
  5302 | D:5      | Bought a scroll of identify for 30 gold pieces
  5302 | D:5      | Bought a scroll of identify for 30 gold pieces
  5302 | D:5      | Bought a scroll of identify for 30 gold pieces
  5374 | D:5      | Found a sacrificial altar of Ru.
  5394 | D:5      | Reached skill level 8 in Shields
  5693 | D:6      | Found a burning altar of Makhleb.
  6063 | D:6      | Reached skill level 5 in Axes
  6110 | D:6      | Found a bloodstained altar of Trog.
  6200 | D:6      | Found a stormy altar of Qazlal.
  6496 | D:6      | Found a blossoming altar of Fedhas.
  6612 | D:6      | Found a glowing golden altar of the Shining One.
  7096 | D:7      | Gained mutation: You are surrounded by a mild repulsion field (EV +2). [potion of mutation]
  7096 | D:7      | Gained mutation: You have supernaturally acute eyesight. [potion of mutation]
  7096 | D:7      | Gained mutation: You are covered in fur (AC +1). [potion of mutation]
  7218 | D:7      | Found a basalt altar of Yredelemnul.
  7335 | D:7      | Reached XP level 9. HP: 79/79 MP: 8/8
  7398 | D:7      | Found a staircase to the Ecumenical Temple.
  7401 | D:7      | Noticed Menkaure
  7411 | Temple   | Entered the Ecumenical Temple
  7412 | Temple   | Reached skill level 9 in Shields
  7634 | Temple   | Became a worshipper of Nemelex Xobeh the Trickster
  7714 | D:7      | Killed Menkaure
  7767 | D:7      | Received a gift from Nemelex Xobeh
  7783 | D:7      | Noticed Joseph
  7806 | D:7      | Killed Joseph
  8132 | D:8      | Found Focap's General Store.
  8142 | D:8      | Bought a scroll of identify for 30 gold pieces
  8275 | D:8      | Reached skill level 10 in Shields
  9136 | D:9      | Reached XP level 10. HP: 78/90 MP: 9/9
  9183 | D:9      | Reached * piety under Nemelex Xobeh
  9232 | D:9      | Reached skill level 11 in Shields
  9484 | D:9      | Found a staircase to the Lair.
  9627 | D:9      | Found an oddly glowing altar of Pakellas.
  9908 | D:9      | Reached skill level 10 in Armour
  9990 | D:9      | Found a snail-covered altar of Cheibriados.
 10057 | D:9      | Reached skill level 12 in Shields
 10224 | D:10     | Entered Level 10 of the Dungeon
 10301 | D:10     | Received a gift from Nemelex Xobeh
 11421 | D:10     | Found a staircase to the Orcish Mines.
 11446 | D:10     | Noticed an unseen horror
 11481 | D:10     | Killed an unseen horror
 11481 | D:10     | Reached skill level 1 in Evocations
 11481 | D:10     | Reached XP level 11. HP: 92/97 MP: 10/10
 11663 | D:10     | Reached ** piety under Nemelex Xobeh
 11893 | Lair:1   | Entered Level 1 of the Lair of Beasts
 11951 | Lair:1   | Received a gift from Nemelex Xobeh
 12294 | Lair:1   | Reached skill level 13 in Shields
 13220 | Lair:2   | Got a bloodstained battleaxe
 13228 | Lair:2   | Identified the +8 battleaxe of Purpose {drain, rPois Dex+3} (You found it on level 2 of the Lair of Beasts)
 13312 | Lair:2   | Reached skill level 10 in Fighting
 13667 | Lair:3   | Received a gift from Nemelex Xobeh
 13699 | Lair:3   | Reached *** piety under Nemelex Xobeh
 14174 | Lair:3   | Found a staircase to the Shoals.
 14183 | Lair:3   | HP: 3/101 [merfolk/trident (13)]
 14184 | Lair:3   | Slain by a merfolk

Skill      XL: |  1  2  3  4  5  6  7  8  9 10 11 |
---------------+----------------------------------+-----
Armour         | 4 5 6 8 9 10 11 | 11.7
Fighting       | 4 5 6 7 8 9 10 | 10.4
Shields        | 4 5 6 7 8 10 12 13 | 13.9
Axes           | 3 4 5 6 7 9 |  9.4
Dodging        | 1 2 3 4 |  4.7
Evocations     | 1 |  1.2
Stealth        | |  0.8

Action                   |  1- 3 |  4- 6 |  7- 9 | 10-12 || total
-------------------------+-------+-------+-------+-------++-------
Melee: War axe           |    94 |   191 |   360 |   392 ||  1037
       Headbutt          |     8 |    27 |    79 |    88 ||   202
       Battleaxe         |       |       |       |   109 ||   109
Throw: Tomahawk          |       |       |       |     5 ||     5
Evoke: Wand              |       |       |       |    14 ||    14
       Deck              |       |       |       |     2 ||     2
       Sack of spiders   |       |       |       |     1 ||     1
  Use: Scroll            |       |     4 |    10 |     8 ||    22
       Potion            |       |       |     9 |    12 ||    21
  Eat: Chunk             |     4 |     6 |     7 |     2 ||    19
       Pizza             |       |     1 |     1 |       ||     2
       Beef jerky        |       |       |     2 |       ||     2
       Meat ration       |       |       |     2 |     3 ||     5
       Fruit             |       |       |     1 |     2 ||     3
       Bread ration      |       |       |     1 |     1 ||     2
Armor: Scale mail        |     8 |       |       |       ||     8
       Chain mail        |    46 |    94 |   116 |       ||   256
       Plate armour      |       |       |    18 |   205 ||   223
       Skin              |       |       |       |    14 ||    14
Dodge: Dodged            |    34 |    37 |    94 |   193 ||   358
Block: Shield            |    63 |   125 |   251 |   389 ||   828
